 Dungeon Crawl Stone Soup version 0.27.1-1-g398f81649c (webtiles) character file.

Game seed: 18073276089976452961

209 funkygono the Firebug (level 5, 0/28 HPs)
             Began as a Gargoyle Fire Elementalist on Sept 13, 2021.
             Slain by Terence (4 damage)
             ... on level 2 of the Dungeon.
             The game lasted 00:04:49 (3052 turns).

funkygono the Firebug (Gargoyle Fire Elementalist)  Turns: 3052, Time: 00:04:50

Health: 0/28       AC:  6    Str: 11    XL:     5   Next: 87%
Magic:  3/9        EV: 12    Int: 17    God:
Gold:   110        SH:  0    Dex: 10    Spells: 6/10 levels left

rFire    . . .     SeeInvis .   i - +0 whip
rCold    . . .     Faith    .   (no shield)
rNeg     + . .     Spirit   .   a - +0 robe
rPois    ∞         Reflect  .   (no helmet)
rElec    +         Harm     .   (no cloak)
rCorr    .         Rampage  .   (no gloves)
Will     .....                  (no boots)
Stlth    ++........             (no amulet)
HPRegen  0.09/turn              (no ring)
MPRegen  0.11/turn              (no ring)

@: no status effects
A: sickness immunity, AC +4, negative energy resistance 1, electricity
resistance, torment resistance 1, petrification resistance
a: no special abilities


You were on level 2 of the Dungeon.
You visited 1 branch of the dungeon, and saw 3 of its levels.

You collected 110 gold pieces.

Inventory:

Hand Weapons
 i - a +0 whip (weapon)
 k - a +0 mace
Missiles
 d - 82 stones
 h - a throwing net
Armour
 a - a +0 robe (worn)
Wands
 c - a wand of flame (14)
Potions
 b - a potion of ambrosia {unknown}
 e - a potion of curing {unknown}
 f - a potion of magic {unknown}
 g - 2 potions of mutation {unknown}
 j - a potion of lignification {unknown}


   Skills:
 + Level 1.8 Dodging
 - Level 2.1 Stealth
 * Level 3.3 Spellcasting
 * Level 3.0 Conjurations
 * Level 4.7 Fire Magic


You had 6 spell levels left.
You knew the following spells:

 Your Spells              Type           Power      Damage    Failure   Level
a - Foxfire               Conj/Fire      64%        2x1d7     3%          1
b - Conjure Flame         Conj/Fire      16%        6-21      11%         3

Your spell library contained the following spells:

 Spells                   Type           Power      Damage    Failure   Level
 Inner Flame              Hex/Fire       10%        N/A       19%         3
 Sticky Flame             Conj/Fire      16%        2d4       34%         4
 Fireball                 Conj/Fire      8%         3d6       67%         5


Dungeon Overview and Level Annotations

Branches:
Dungeon (3/15)

Altars:
Ru

Annotations:
D:2 1 runed translucent door, Crazy Yiuf, Terence


Innate Abilities, Weirdness & Mutations

You are immune to sickness and miasma.
Your stone body is resilient. (AC +4)
You are immune to poison.
You resist negative energy. (rN+)
You are resistant to electric shocks. (rElec)
You are resistant to unholy torment.
You are immune to petrification.


Message History

You conjure some foxfire!
Terence hits you with a +0 short sword.
Unknown command.
The foxfire hits Terence but does no damage.
Terence is moderately wounded.
The foxfire hits Terence.
Terence is moderately wounded.
The foxfire hits Terence.
Terence is moderately wounded.
The foxfire hits Terence.
Terence is heavily wounded.
Terence hits you with a +0 short sword.
Casting: Foxfire (safe; 3% risk of failure)
Confirm with . or Enter, or press ? or * to list all spells.
You conjure some foxfire!
Terence hits you with a +0 short sword.
Casting: Foxfire (safe; 3% risk of failure)
Confirm with . or Enter, or press ? or * to list all spells.
You conjure some foxfire!
The foxfire hits Terence but does no damage.
Terence is heavily wounded.
Terence hits you with a +0 short sword.
Unknown command.
The foxfire hits Terence but does no damage.
Terence is heavily wounded.
The foxfire hits Terence but does no damage.
Terence is heavily wounded.
The foxfire hits Terence but does no damage.
Terence is heavily wounded.
Terence barely misses you.
Casting: Foxfire (safe; 3% risk of failure)
Confirm with . or Enter, or press ? or * to list all spells.
You conjure some foxfire!
Terence hits you with a +0 short sword.
* * * LOW HITPOINT WARNING * * *
Casting: Foxfire (safe; 3% risk of failure)
Confirm with . or Enter, or press ? or * to list all spells.
You conjure some foxfire!
The foxfire hits Terence.
Terence is severely wounded.
The foxfire hits Terence but does no damage.
Terence is severely wounded.
Terence hits you with a +0 short sword.
You die...

#..###....###
#......#.##
#.##.###.# #.##.#
#.# #.##.# #.##
###### #>.## #...###
#### #@....# ###...
### ♣♣##@..#.#
#....† #)..#♣♣
♣♣..vv§##.# #.#.##
#...+.♣♣♣♣......##.#
#.#.##
#...#♣..♣......###.#
#.#.## ###
♣♣♣.♣.....# #.#
#.#.## ♣♣♣♣♣##.# #.#
###....# #.# #.#
#....... ### #.# #.#
#.#....# #.# #.# #.#
#.#.#.##


You could see Terence (ally target).

Vanquished Creatures
  Jessica (D:2)
  Natasha (thrice) (D:2)
  4 adders (D:2)
  A worm (D:2)
  3 dart slugs (D:2)
  5 bats
  3 endoplasms
  3 giant cockroaches
  5 goblins
  9 hobgoblins
  6 jackals
  4 kobolds
  3 quokkas
  7 ball pythons
  3 frilled lizards
  2 rats (D:1)
62 creatures vanquished.

Vanquished Creatures (others)
  207 foxfires
207 creatures vanquished.

Grand Total: 269 creatures vanquished

Notes
Turn   | Place    | Note
-------+----------+-------------------------------------------
     0 | D:1      | funkygono the Gargoyle Fire Elementalist began the quest
                  | for the Orb.
     0 | D:1      | Reached XP level 1. HP: 10/10 MP: 3/3
   291 | D:1      | Reached XP level 2. HP: 15/15 MP: 1/5
   892 | D:1      | Reached XP level 3. HP: 19/19 MP: 4/6
  1008 | D:1      | Found a faded altar of an unknown god.
  1446 | D:2      | Learned a level 3 spell: Conjure Flame
  1518 | D:2      | Noticed Natasha
  1524 | D:2      | Killed Natasha
  1525 | D:2      | Reached skill level 4 in Fire Magic
  1525 | D:2      | Reached XP level 4. HP: 16/24 MP: 1/7
  1681 | D:2      | Noticed Natasha
  1687 | D:2      | Killed Natasha
  1764 | D:2      | Noticed Natasha
  1784 | D:2      | Killed Natasha
  1785 | D:2      | Reached XP level 5. HP: 23/28 MP: 3/9
  2620 | D:2      | Found a sacrificial altar of Ru.
  2822 | D:2      | Found a runed translucent door.
  2823 | D:2      | Noticed Crazy Yiuf
  2840 | D:3      | Noticed Terence
  2904 | D:3      | Noticed Jessica
  2916 | D:2      | Killed Jessica
  3052 | D:2      | Slain by Terence

Illustrated notes

Levels and vault maps discovered:
D:1:      ncdulo_halloftheorcs, layout_basic, shapermc_ecumenical_altar_venn,
          minmay_3d_cube
D:2:      layout_loops_ring, basic_altar, uniq_natasha, uniq_crazy_yiuf_cottage
D:3:      layout_basic, mainiacjoe_overflow_24_doors, gammafunk_ghost_split,
          uniq_grinder, uniq_terence, uniq_jessica

Skill      XL: |  1  2  3  4  5 |
---------------+----------------+-----
Conjurations   | 2 3 |  3.0
Fire Magic     | 4 |  4.7
Spellcasting   | 3 |  3.3
Dodging        | |  1.8
Stealth        | |  2.1

Action                   |  1- 3 |  4- 6 || total
-------------------------+-------+-------++-------
Melee: Unarmed           |     2 |       ||     2
       Whip              |       |    28 ||    28
 Cast: Foxfire           |    58 |    69 ||   127
  Use: Scroll            |     2 |     1 ||     3
Armor: Robe              |     7 |     8 ||    15
Dodge: Dodged            |     5 |    34 ||    39
